PBL
ST. LOUIS CARDINALS @ KANSAS CITY ROYALS
05/19/2071
 
TOP OF THE 1ST
St. Louis Cardinals batting - Pitching for Kansas City Royals : RHP Kevin Ford
Pitching: RHP Kevin Ford
Batting: LHB Jack O'Keefe 0-0: Ball
1-0: Ball
2-0: Foul Ball, location: 25FF
2-1: Ball
3-1: Base on Balls
Batting: RHB Leland Vogler 0-0: Called Strike
0-1: Foul Ball, location: 9LDF
0-2: Ball
1-2: Ball
2-2: Strikes out looking
Batting: SHB Emiliano Girometta 0-0: Called Strike
0-1: Foul Ball, location: 23FF
0-2: Ball
1-2: Strikes out looking
Batting: LHB Jeremy Dalton 0-0: Ball
Jack O'Keefe steals 2nd base
1-0: Ball
2-0: Foul Ball, location: 3SF
2-1: Fly out, F8 (Flyball, 8RM, EV 95.0 MPH)
Top of the 1st over - 0 runs, 0 hits, 0 errors, 1 left on base; St. Louis 0 - Kansas City 0
BOTTOM OF THE 1ST
Kansas City Royals batting - Pitching for St. Louis Cardinals : RHP Andrés Jaramillo
Pitching: RHP Andrés Jaramillo
Batting: LHB Dan Heller 0-0: Ball
1-0: Called Strike
1-1: Fly out, F8 (Flyball, 8LM, EV 88.8 MPH)
Batting: RHB Neal Martin 0-0: Called Strike
0-1: Called Strike
0-2: Fly out, F7 (Flyball, 78M, EV 93.1 MPH)
Batting: RHB Bert Acheson 0-0: Called Strike
0-1: Fly out, F8 (Flyball, 8RXD, EV 98.8 MPH)
Bottom of the 1st over - 0 runs, 0 hits, 0 errors, 0 left on base; St. Louis 0 - Kansas City 0
TOP OF THE 2ND
St. Louis Cardinals batting - Pitching for Kansas City Royals : RHP Kevin Ford
Batting: LHB Víctor Becerra 0-0: Ball
1-0: Foul Ball, location: 2F
1-1: Called Strike
1-2: Fly out, F4 (Popup, 4MD, EV 70.0 MPH)
Batting: RHB Ric Hodges 0-0: Foul Ball, location: 25F
0-1: Ball
1-1: Ball
2-1: Swinging Strike
2-2: DOUBLE (Flyball, 7LD, EV 100.6 MPH)
Batting: LHB Steve Rivera 0-0: Ball
1-0: SINGLE (Groundball, 4MD, EV 101.9 MPH)
Ric Hodges to third
Runner from 3rd tries for Home, SAFE, throw by CF to home
Batting: RHB Hua Tu 0-0: Called Strike
0-1: Ball
1-1: SINGLE (Groundball, 34D, EV 99.4 MPH)
Steve Rivera to second
Runner from 2nd tries for 3rd, SAFE, throw by RF made to third
Batting: LHB Mike Vega 0-0: Swinging Strike
0-1: Called Strike
0-2: Ball
1-2: Strikes out swinging
Batting: LHB Jack O'Keefe 0-0: Ground out 4-3 (Groundball, 34, EV 85.6 MPH)
Top of the 2nd over - 1 run, 3 hits, 0 errors, 2 left on base; St. Louis 1 - Kansas City 0
BOTTOM OF THE 2ND
Kansas City Royals batting - Pitching for St. Louis Cardinals : RHP Andrés Jaramillo
Batting: RHB Edgardo Pérez 0-0: Called Strike
0-1: Swinging Strike
0-2: Strikes out looking
Batting: RHB Tamuramaro Maeda 0-0: Foul Ball, location: 2F
0-1: Ball
1-1: Called Strike
1-2: Foul Ball, location: 9LDF
1-2: Ball
2-2: Foul Ball, location: 5F
2-2: Ball
3-2: Strikes out swinging
Batting: RHB David Harris 0-0: Ball
1-0: Ball
2-0: Swinging Strike
2-1: Ball
3-1: Foul Ball, location: 5F
3-2: Base on Balls
Batting: RHB Andrés Mota 0-0: Called Strike
0-1: Swinging Strike
0-2: Ball
1-2: Ball
2-2: Ball
3-2: Foul Ball, location: 2F
3-2: Foul Ball, location: 9LDF
3-2: Strikes out swinging
Bottom of the 2nd over - 0 runs, 0 hits, 0 errors, 1 left on base; St. Louis 1 - Kansas City 0
TOP OF THE 3RD
St. Louis Cardinals batting - Pitching for Kansas City Royals : RHP Kevin Ford
Batting: RHB Leland Vogler 0-0: Called Strike
0-1: Ball
1-1: Foul Ball, location: 2F
1-2: Ground out 6-3 (Groundball, 6, EV 82.5 MPH)
Batting: SHB Emiliano Girometta 0-0: Ball
1-0: Ball
2-0: Called Strike
2-1: Ball
3-1: Base on Balls
Batting: LHB Jeremy Dalton 0-0: Foul Ball, location: 2F
0-1: Called Strike
0-2: Ball
1-2: Strikes out swinging
Batting: LHB Víctor Becerra 0-0: Ground out 4-3 (Groundball, 4, EV 90.0 MPH)
Top of the 3rd over - 0 runs, 0 hits, 0 errors, 1 left on base; St. Louis 1 - Kansas City 0
BOTTOM OF THE 3RD
Kansas City Royals batting - Pitching for St. Louis Cardinals : RHP Andrés Jaramillo
Batting: RHB Shu-yaan Koo 0-0: Ball
1-0: Foul Ball, location: 2F
1-1: Called Strike
1-2: Ball
2-2: Ball
3-2: Base on Balls
Batting: RHB Koji Omori 0-0: Ball
Wild Pitch!
Shu-yaan Koo to second
1-0: Called Strike
1-1: Ball
2-1: Fly out, F5 (Popup, 56S, EV 75.6 MPH)
Batting: LHB Dan Heller 0-0: Foul Ball, location: 7LDF
0-1: Fly out, F9 (Flyball, 9LMF, EV 103.8 MPH)
Batting: RHB Neal Martin 0-0: Ground out 4-3 (Groundball, 4, EV 78.8 MPH)
Bottom of the 3rd over - 0 runs, 0 hits, 0 errors, 1 left on base; St. Louis 1 - Kansas City 0
TOP OF THE 4TH
St. Louis Cardinals batting - Pitching for Kansas City Royals : RHP Kevin Ford
Batting: RHB Ric Hodges 0-0: Ground out 6-3 (Groundball, 56, EV 110.0 MPH)
Batting: LHB Steve Rivera 0-0: Called Strike
0-1: Foul Ball, location: 9LMF
0-2: Foul Ball, location: 9LSF
0-2: Ball
1-2: Strikes out looking
Batting: RHB Hua Tu 0-0: Called Strike
0-1: Swinging Strike
0-2: Foul Ball, location: 2F
0-2: Strikes out swinging
Top of the 4th over - 0 runs, 0 hits, 0 errors, 0 left on base; St. Louis 1 - Kansas City 0
BOTTOM OF THE 4TH
Kansas City Royals batting - Pitching for St. Louis Cardinals : RHP Andrés Jaramillo
Batting: RHB Bert Acheson 0-0: Ball
1-0: Ball
2-0: Ball
3-0: Base on Balls
Batting: RHB Edgardo Pérez 0-0: Fielders Choice at 2nd, 6-4 (Groundball, 6, EV 80.0 MPH)
Batting: RHB Tamuramaro Maeda 0-0: Called Strike
0-1: Ball
1-1: Ball
2-1: Swinging Strike
2-2: Strikes out swinging
Batting: RHB David Harris 0-0: Ball
1-0: Called Strike
1-1: Ball
2-1: Ball
3-1: Foul Ball, location: 3SF
3-2: SINGLE (Line Drive, 89S, EV 98.8 MPH)
Edgardo Pérez to second
Edgardo Pérez to third
Batting: RHB Andrés Mota 0-0: Called Strike
0-1: Ball
1-1: Swinging Strike
1-2: Foul Ball, location: 25F
1-2: Ball
2-2: Ball
3-2: Strikes out swinging
Bottom of the 4th over - 0 runs, 1 hit, 0 errors, 2 left on base; St. Louis 1 - Kansas City 0
TOP OF THE 5TH
St. Louis Cardinals batting - Pitching for Kansas City Royals : RHP Kevin Ford
Batting: LHB Mike Vega 0-0: Ball
1-0: Swinging Strike
1-1: Ball
2-1: Ball
3-1: Swinging Strike
3-2: Foul Ball, location: 2F
3-2: Strikes out swinging
Batting: LHB Jack O'Keefe 0-0: Called Strike
0-1: Foul Ball, location: 25FF
0-2: Reached on error, E3 (Groundball, 34, EV 93.1 MPH)
Batting: RHB Leland Vogler 0-0: Called Strike
0-1: Swinging Strike
0-2: Ball
1-2: Ball
2-2: Strikes out swinging
Batting: SHB Emiliano Girometta 0-0: Ball
1-0: Fly out, F8 (Flyball, 8RM, EV 86.9 MPH)
Top of the 5th over - 0 runs, 0 hits, 1 error, 1 left on base; St. Louis 1 - Kansas City 0
BOTTOM OF THE 5TH
Kansas City Royals batting - Pitching for St. Louis Cardinals : RHP Andrés Jaramillo
Batting: RHB Shu-yaan Koo 0-0: Foul Ball, location: 5DF
0-1: Ground out U3 (Groundball, 23, EV 81.9 MPH)
Batting: RHB Koji Omori 0-0: Fly out, F4 (Popup, 4D, EV 67.5 MPH)
Batting: LHB Dan Heller 0-0: Called Strike
0-1: Called Strike
0-2: Fly out, F3 (Line Drive, 3, EV 62.5 MPH)
Bottom of the 5th over - 0 runs, 0 hits, 0 errors, 0 left on base; St. Louis 1 - Kansas City 0
TOP OF THE 6TH
St. Louis Cardinals batting - Pitching for Kansas City Royals : RHP Kevin Ford
Batting: LHB Jeremy Dalton 0-0: Ball
1-0: Swinging Strike
1-1: Called Strike
1-2: Strikes out swinging
Pitching: RHP Javier Fernández
Batting: LHB Víctor Becerra 0-0: Ball
1-0: Foul Ball, location: 7LDF
1-1: Swinging Strike
1-2: DOUBLE (Line Drive, 8RXD, EV 98.1 MPH)
Batting: RHB Ric Hodges 0-0: Ball
1-0: Ball
2-0: Ball
3-0: Called Strike
3-1: Base on Balls
Pinch Runner at 2nd Mike Eldridge:
Batting: LHB Steve Rivera 0-0: Called Strike
0-1: Foul Ball, location: 2F
0-2: Ball
1-2: Grounds into double play, 4-6-3 (Groundball, 4, EV 83.1 MPH)
Top of the 6th over - 0 runs, 1 hit, 0 errors, 1 left on base; St. Louis 1 - Kansas City 0
BOTTOM OF THE 6TH
Kansas City Royals batting - Pitching for St. Louis Cardinals : RHP Andrés Jaramillo
Batting: RHB Neal Martin 0-0: Ball
1-0: Foul Ball, location: 2F
1-1: Foul Ball, location: 3SF
1-2: Fly out, F8 (Flyball, 89M, EV 75.0 MPH)
Batting: RHB Bert Acheson 0-0: Ball
1-0: Fly out, F9 (Flyball, 9D, EV 103.1 MPH)
Batting: RHB Edgardo Pérez 0-0: Called Strike
0-1: Ball
1-1: Ball
2-1: Foul Ball, location: 2F
2-2: Fly out, F4 (Popup, 34, EV 60.0 MPH)
Bottom of the 6th over - 0 runs, 0 hits, 0 errors, 0 left on base; St. Louis 1 - Kansas City 0
TOP OF THE 7TH
St. Louis Cardinals batting - Pitching for Kansas City Royals : RHP Javier Fernández
Batting: RHB Hua Tu 0-0: Swinging Strike
0-1: Foul Ball, location: 3F
0-2: Ball
1-2: Ball
2-2: Fly out, F8 (Flyball, 8RXD, EV 96.9 MPH)
Batting: LHB Mike Vega 0-0: Swinging Strike
0-1: Ball
1-1: Called Strike
1-2: Strikes out swinging
Batting: LHB Jack O'Keefe 0-0: Swinging Strike
0-1: Foul Ball, location: 2F
0-2: SINGLE (Line Drive, 78S, EV 86.3 MPH)
Pitching: RHP Nelson Bautista
Batting: RHB Leland Vogler 0-0: Fly out, F1 (Popup, P, EV 81.3 MPH)
Top of the 7th over - 0 runs, 1 hit, 0 errors, 1 left on base; St. Louis 1 - Kansas City 0
BOTTOM OF THE 7TH
Kansas City Royals batting - Pitching for St. Louis Cardinals : RHP Andrés Jaramillo
Pitching: LHP Raúl Santana
Batting: RHB Tamuramaro Maeda 0-0: Ball
1-0: Called Strike
1-1: Fly out, F8 (Flyball, 8RM, EV 88.8 MPH)
Batting: RHB David Harris 0-0: Ball
1-0: Called Strike
1-1: Called Strike
1-2: Foul Ball, location: 2F
1-2: SINGLE (Line Drive, 7S, EV 108.1 MPH)
Batting: RHB Andrés Mota 0-0: Ball
1-0: Called Strike
1-1: Hit by Pitch
David Harris to second
Batting: RHB Shu-yaan Koo 0-0: Ball
1-0: Called Strike
1-1: Ball
2-1: SINGLE (Line Drive, 78S, EV 94.4 MPH)
David Harris to third
Andrés Mota to second
Batting: RHB Koji Omori 0-0: Ball
1-0: Ball
2-0: Foul Ball, location: 9LSF
2-1: Swinging Strike
2-2: Ball
3-2: Foul Ball, location: 3FF
3-2: Foul Ball, location: 23F
3-2: Grounds into fielders choice 4-2 (Groundball, 34, EV 98.8 MPH)
Andrés Mota to third
Shu-yaan Koo to second
Batting: LHB Dan Heller 0-0: Called Strike
0-1: Called Strike
0-2: Foul Ball, location: 9LMF
0-2: Ball
1-2: Fielders Choice at 2nd, 6-4 (Groundball, 6, EV 108.1 MPH)
Bottom of the 7th over - 0 runs, 2 hits, 0 errors, 3 left on base; St. Louis 1 - Kansas City 0
TOP OF THE 8TH
St. Louis Cardinals batting - Pitching for Kansas City Royals : RHP Nelson Bautista
Batting: SHB Emiliano Girometta 0-0: Ball
1-0: Swinging Strike
1-1: Foul Ball, location: 7LMF
1-2: Ball
2-2: Ball
3-2: Foul Ball, location: 2F
3-2: Base on Balls
Pitching: LHP Tony Cardenas
Batting: LHB Jeremy Dalton 0-0: Fly out, F8 (Flyball, 8RXD, EV 105.0 MPH)
Pitching: RHP Wallace Williams
Batting: RHB Mike Eldridge 0-0: Swinging Strike
0-1: Ball
1-1: Ball
2-1: Hit by Pitch
Emiliano Girometta to second
Pinch Runner at 2nd Zg Odhiambo:
Batting: RHB Ric Hodges 0-0: Called Strike
0-1: Ball
1-1: Ball
2-1: Ball
3-1: Base on Balls
Zg Odhiambo to third
Mike Eldridge to second
Batting: LHB Steve Rivera 0-0: Ball
1-0: Called Strike
1-1: Called Strike
1-2: Strikes out swinging
Batting: RHB Hua Tu 0-0: Swinging Strike
0-1: Foul Ball, location: 3F
0-2: Strikes out swinging
Top of the 8th over - 0 runs, 0 hits, 0 errors, 3 left on base; St. Louis 1 - Kansas City 0
BOTTOM OF THE 8TH
Kansas City Royals batting - Pitching for St. Louis Cardinals : LHP Raúl Santana
Pitching: LHP Stephen Stady
Now at SS: Charlie Kerr
Batting: RHB Neal Martin 0-0: Ball
1-0: Ball
2-0: Called Strike
2-1: Ball
3-1: Foul Ball, location: 2F
3-2: Strikes out looking
Batting: RHB Bert Acheson 0-0: Swinging Strike
0-1: SINGLE (Line Drive, 7LM, EV 95.0 MPH)
Batting: RHB Edgardo Pérez 0-0: Ball
1-0: Foul Ball, location: 9LDF
1-1: 2-RUN HOME RUN (Flyball, 7D, EV 97.5 MPH), Distance : 366 ft
Batting: RHB Tamuramaro Maeda 0-0: Called Strike
0-1: Ball
1-1: Ball
2-1: Foul Ball, location: 2F
2-2: Foul Ball, location: 3F
2-2: Foul Ball, location: 2F
2-2: Ball
3-2: Base on Balls
Batting: RHB David Harris 0-0: Ball
1-0: Called Strike
1-1: Foul Ball, location: 23FF
1-2: Ball
Wild Pitch!
Tamuramaro Maeda to second
2-2: Strikes out swinging
Pitching: RHP Luis Salas
Batting: RHB Andrés Mota 0-0: Ball
1-0: Called Strike
1-1: Ground out 4-3 (Groundball, 4, EV 76.9 MPH)
Bottom of the 8th over - 2 runs, 2 hits, 0 errors, 1 left on base; St. Louis 1 - Kansas City 2
TOP OF THE 9TH
St. Louis Cardinals batting - Pitching for Kansas City Royals : RHP Wallace Williams
Pitching: RHP Thomas García
Batting: LHB Mike Vega 0-0: SOLO HOME RUN (Flyball, 89XD, EV 107.5 MPH), Distance : 416 ft
Batting: LHB Jack O'Keefe 0-0: Ground out 4-3 (Groundball, 4M, EV 86.3 MPH)
Batting: RHB Leland Vogler 0-0: Swinging Strike
0-1: Ball
1-1: Ball
2-1: SOLO HOME RUN (Flyball, 7D, EV 96.9 MPH), Distance : 368 ft
Batting: RHB Charlie Kerr 0-0: Called Strike
0-1: Called Strike
0-2: Ball
1-2: Ball
2-2: Ball
3-2: Foul Ball, location: 9LSF
3-2: Base on Balls
Batting: LHB Jeremy Dalton 0-0: Called Strike
0-1: Fly out, F8 (Flyball, 8RM, EV 76.9 MPH)
Batting: RHB Mike Eldridge 0-0: Called Strike
0-1: Ball
1-1: Called Strike
1-2: Strikes out swinging
Top of the 9th over - 2 runs, 2 hits, 0 errors, 1 left on base; St. Louis 3 - Kansas City 2
BOTTOM OF THE 9TH
Kansas City Royals batting - Pitching for St. Louis Cardinals : RHP Luis Salas
Pitching: RHP Eitoku Kishita
Batting: RHB Shu-yaan Koo 0-0: Swinging Strike
0-1: Swinging Strike
0-2: Ball
1-2: Ball
2-2: Strikes out swinging
Pinch Hitting: LHB Sergio Longoria 0-0: Ball
1-0: Ball
2-0: Ball
3-0: Base on Balls
Batting: LHB Dan Heller 0-0: Called Strike
0-1: Ball
1-1: Ball
2-1: Ball
3-1: 2-RUN HOME RUN (Flyball, 9D, EV 95.0 MPH), Distance : 379 ft
Bottom of the 9th over - 2 runs, 1 hit, 0 errors, 0 left on base; St. Louis 3 - Kansas City 4
Wednesday, April 17th , 2024 - OOTP Baseball 24.10 Build 82